 Dungeon Crawl Stone Soup version 0.18.1-6-gd335043 (webtiles) character file.

2860 shinino the Carver (level 9, -3/61 HPs)
             Began as a Demonspawn Gladiator on May 18, 2016.
             Shot with a sling bullet by Joseph (13 damage)
             ... on level 7 of the Dungeon.
             The game lasted 00:24:28 (6895 turns).

shinino the Carver (Demonspawn Gladiator)           Turns: 6895, Time: 00:24:28

Health: -3/61      AC:  6    Str: 17    XL:     9   Next: 47%
Magic:  0/8        EV: 10    Int:  9    God:    Xom [....*.]
Gold:   269        SH:  3    Dex: 16    Spells: 0 memorised, 8 levels left

rFire  + . .     SeeInvis .     a - +0 great sword
rCold  . . .     Gourm    .     h - +0 scale mail
rNeg   . . .     Faith    .     (shield currently unavailable)
rPois  .         Spirit   .     (helmet restricted)
rElec  .         Dismiss  .     (no cloak)
rCorr  .         Reflect  .     (no gloves)
SustAt .         Harm     .     (no boots)
MR     .....                    u - amulet of regeneration
Stlth  ..........               (no ring)
                                w - ring of fire

@: not resistant to hostile enchantments, extremely unstealthy
A: hooves 2, horns 1, large bone plates 2, cold resistance 1, deformed body,
foul stench 1, low mp 1, regeneration 1, rot immunity, subdued magic 1
a: Renounce Religion


You were on level 7 of the Dungeon.
You worshipped Xom.
You were a beloved toy of Xom.
You were not hungry.

You visited 2 branches of the dungeon, and saw 8 of its levels.

You collected 425 gold pieces.
You spent 156 gold pieces at shops.

Inventory:

Hand Weapons
 a - a +0 great sword (weapon)
Missiles
 d - 3 throwing nets (quivered)
Armour
 h - a +0 scale mail (worn)
Rods
 b - a -1 rod of inaccuracy (11/11)
   (You found it on level 5 of the Dungeon)
Jewellery
 u - an amulet of regeneration (around neck)
 w - a ring of fire (left hand)
Wands
 q - a wand of confusion (11/48)
Scrolls
 e - a scroll of enchant weapon {unknown}
 f - 7 scrolls of teleportation
 g - a scroll of immolation {unknown}
 j - 3 scrolls of recharging
 k - 2 scrolls of remove curse {unknown}
 n - 2 scrolls of fear
 r - 3 scrolls of enchant armour
 s - 2 scrolls of blinking {unknown}
 t - a scroll of fog {unknown}
 v - 2 scrolls of random uselessness {unknown}
 x - a scroll of brand weapon {unknown}
 A - a scroll of amnesia {unknown}
 C - a scroll of vulnerability {unknown}
Potions
 c - 2 potions of berserk rage {unknown}
 i - a potion of ambrosia {unknown}
 l - 2 potions of haste {unknown}
 m - 2 potions of agility
 p - a potion of heal wounds {unknown}
 y - 2 potions of curing
 z - a potion of flight {unknown}
 B - a potion of might {unknown}
 D - a potion of lignification {unknown}
Comestibles
 o - 4 bread rations


   Skills:
 - Level 2.0 Fighting
 + Level 12.1 Long Blades
 - Level 1.7 Throwing
 - Level 2.6 Dodging


You had 8 spell levels left.
You didn't know any spells.

Dungeon Overview and Level Annotations

Branches:
Dungeon (7/15)             Temple (1/1) D:5

Altars:
Ashenzari
Cheibriados
Dithmenos
Elyvilon
Makhleb
Pakellas
Qazlal
Ru
Sif Muna
Trog
Vehumet
Xom
Yredelemnul
Zin
The Shining One

Shops:
D:4 (}((

Annotations:
D:7 Joseph


Innate Abilities, Weirdness & Mutations

You have hoof-like feet.
You are mostly covered in large bone plates (AC +3, SH +3).
You may emit foul miasma when damaged in melee.
You are immune to rotting.
You have a pair of small horns on your head.
Your flesh is cold resistant.
Armour fits poorly on your strangely shaped body.
Your magical capacity is low (-10% MP).
Your natural rate of healing is unusually fast.
Your spells are a little easier to cast, but a little less powerful.


Message History

Joseph barely misses you.
You hit Joseph. You kick Joseph.
Joseph is heavily wounded.
Joseph hits you but does no damage.
You hit Joseph but do no damage. You kick Joseph. You headbutt Joseph.
Joseph is heavily wounded.
Joseph hits you with an uncursed antimagic quarterstaff!
* * * LOW HITPOINT WARNING * * *
You feel your power leaking away.
You emit a cloud of foul miasma!
You hit Joseph. Your kick misses Joseph. You headbutt Joseph!
Joseph is severely wounded.
Joseph is engulfed in dark miasma.
Joseph is poisoned.
Joseph hits you with an uncursed antimagic quarterstaff!
* * * LOW HITPOINT WARNING * * *
Joseph is engulfed in dark miasma.
Joseph looks even sicker.
Joseph unwields an uncursed antimagic quarterstaff.
Joseph wields an uncursed hunting sling.
Joseph shoots a sling bullet.
The sling bullet hits you!
You die...

#..........#..(.#
#....####+##....#
#....#.....#....#
#....+.....'....# ##
#....#######..### #.
##....##..##### #.
#............... #. .
+...(..............†
....###@############....
.............# .....##
.......@.....+ .....
.............# ....
.......[.....# ...
###+#######.... ... ....
... ..


You could see Joseph.

Vanquished Creatures
  4 yaks (D:7)
  Edmund (D:4)
  2 sky beasts
  An orc warrior (D:6)
  A necrophage (D:5)
  2 ogres
  3 centaurs (D:6)
  3 giant frogs
  A gnoll sergeant (D:7)
  3 scorpions
  3 crimson imps
  A centaur zombie (D:6)
  A hound (D:4)
  2 orc priests
  A giant frog skeleton (D:5)
  A gnoll shaman (D:4)
  5 orc wizards
  2 iguanas
  5 worker ants
  A hound zombie (D:5)
  A hound skeleton (D:5)
  A howler monkey zombie (D:6)
  14 gnolls
  2 howler monkey skeletons (D:6)
  9 adders
  2 shadow imps
  3 oozes
  4 worms
  A dart slug (D:1)
  5 giant geckos
  11 orcs
  12 bats
  6 giant cockroaches
  10 hobgoblins
  16 jackals
  3 quokkas (D:3)
  2 ball pythons
  A giant cockroach zombie (D:6)
  A giant gecko skeleton (D:5)
  A giant gecko zombie (D:5)
  9 giant newts
  7 goblins
  A jackal zombie (D:6)
  8 kobolds
  A quokka skeleton (D:5)
  7 rats
181 creatures vanquished.

Notes
Turn   | Place    | Note
--------------------------------------------------------------
     0 | D:1      | shinino the Demonspawn Gladiator began the quest for the Orb.
     0 | D:1      | Reached XP level 1. HP: 16/16 MP: 1/1
    36 | D:1      | Reached skill level 3 in Long Blades
   287 | D:1      | Gained mutation: You have large cloven feet. [demonic ancestry]
   287 | D:1      | Reached XP level 2. HP: 21/22 MP: 2/2
   964 | D:1      | Gained mutation: You are immune to rotting. [demonic ancestry]
   964 | D:1      | Reached XP level 3. HP: 27/27 MP: 3/3
  1388 | D:1      | Reached skill level 4 in Long Blades
  1880 | D:2      | Gained mutation: You are partially covered in large bone plates (AC +2, SH +2). [demonic ancestry]
  1880 | D:2      | Reached XP level 4. HP: 24/33 MP: 4/4
  2541 | D:3      | Reached skill level 5 in Long Blades
  3085 | D:3      | Gained mutation: You have hoof-like feet. [demonic ancestry]
  3085 | D:3      | Reached XP level 5. HP: 31/38 MP: 5/5
  3552 | D:3      | Gained mutation: You are frail (-10% HP). [potion of mutation]
  3552 | D:3      | Gained mutation: You have a pair of small horns on your head. [potion of mutation]
  3552 | D:3      | Lost mutation: You are frail (-10% HP). [potion of mutation]
  3669 | D:4      | Reached skill level 6 in Long Blades
  3684 | D:4      | Gained mutation: You may emit foul miasma when damaged in melee. [demonic ancestry]
  3684 | D:4      | Reached XP level 6. HP: 29/44 MP: 6/6
  3771 | D:4      | Found a bloodstained altar of Trog.
  3799 | D:4      | Found Jihyvvus's General Store.
  4025 | D:4      | Found Qehuiwkur's Antique Weapon Emporium.
  4030 | D:4      | Bought a great sword for 156 gold pieces
  4084 | D:4      | Found Reakepil's Antique Weapon Shop.
  4157 | D:4      | Noticed Edmund
  4169 | D:4      | Killed Edmund
  4169 | D:4      | Reached skill level 7 in Long Blades
  4169 | D:4      | Reached XP level 7. HP: 32/50 MP: 7/7
  4215 | D:4      | Found Xyaroibb's Weapon Shoppe.
  4426 | D:4      | Found Vaiczitzi's Gadget Shoppe.
  4456 | D:5      | Entered Level 5 of the Dungeon
  4605 | D:5      | Reached skill level 8 in Long Blades
  4899 | D:5      | Identified a -1 rod of inaccuracy (11/11) (You found it on level 5 of the Dungeon)
  4917 | D:5      | Found a basalt altar of Yredelemnul.
  5088 | D:5      | Reached skill level 9 in Long Blades
  5088 | D:5      | Gained mutation: You are mostly covered in large bone plates (AC +3, SH +3). [demonic ancestry]
  5088 | D:5      | Reached XP level 8. HP: 42/56 MP: 8/8
  5157 | D:5      | Found a staircase to the Ecumenical Temple.
  5163 | Temple   | Entered the Ecumenical Temple
  5272 | Temple   | Became a worshipper of Xom of Chaos
  5695 | D:6      | Gained mutation: Your natural rate of healing is unusually fast. [potion of mutation]
  5695 | D:6      | Gained mutation: Your spells are a little easier to cast, but a little less powerful. [potion of mutation]
  5695 | D:6      | Gained mutation: Armour fits poorly on your strangely shaped body. [potion of mutation]
  5779 | D:6      | XOM: blink monster(s)
  5798 | D:6      | XOM: potion effect (berserk rage)
  5803 | D:6      | Reached skill level 10 in Long Blades
  5842 | D:6      | XOM: noise
  5937 | D:6      | Gained mutation: Your flesh is cold resistant. [mutagenic meat]
  5938 | D:6      | Gained mutation: Your magical capacity is low (-10% MP). [mutagenic meat]
  5974 | D:6      | XOM: divination: detect creatures
  6082 | D:6      | Found an oddly glowing altar of Pakellas.
  6082 | D:6      | Found a deep blue altar of Sif Muna.
  6083 | D:6      | Found a burning altar of Makhleb.
  6384 | D:7      | Reached skill level 11 in Long Blades
  6384 | D:7      | Reached XP level 9. HP: 60/61 MP: 8/8
  6424 | D:7      | XOM: harmless Fire miscast
  6551 | D:7      | Found a radiant altar of Vehumet.
  6578 | D:7      | XOM: potion effect (brilliance)
  6590 | D:7      | XOM: potion effect (haste)
  6616 | D:7      | XOM: butterfly on damage
  6659 | D:7      | XOM: divination: detect items
  6660 | D:7      | XOM: summons friendly white imp
  6720 | D:7      | Reached skill level 12 in Long Blades
  6881 | D:7      | Noticed Joseph
  6895 | D:7      | Shot with a sling bullet by Joseph

Skill      XL: |  1  2  3  4  5  6  7  8  9 |
---------------+----------------------------+-----
Long Blades    | 3 4 5 6 7 9 11 12 | 12.1
Fighting       | |  2.0
Throwing       | |  1.7
Dodging        | |  2.6

Action                   |  1- 3 |  4- 6 |  7- 9 || total
-------------------------+-------+-------+-------++-------
Melee: Long sword        |   135 |   293 |       ||   428
       Kick              |    25 |    93 |    81 ||   199
       Headbutt          |       |    16 |    58 ||    74
       Great sword       |       |     9 |   268 ||   277
Evoke: Wand              |       |       |     2 ||     2
  Use: Scroll            |       |     5 |     2 ||     7
       Potion            |       |     2 |     4 ||     6
 Stab: Confused          |       |       |     1 ||     1
  Eat: Bread ration      |     1 |       |       ||     1
       Chunk             |       |     4 |     3 ||     7
       Meat ration       |       |     1 |     1 ||     2
       Fruit             |       |       |     4 ||     4
Armor: Leather armour    |    26 |       |       ||    26
       Scale mail        |    46 |   202 |   130 ||   378
Dodge: Dodged            |   107 |   210 |   134 ||   451
Block: Other             |       |    30 |    23 ||    53
